 Dungeon Crawl Stone Soup version 0.25.0-33-gff14898491 (webtiles) character file.

Game seed: 12587136704997840980

175 funkygono the Conjurer (level 5, -9/39 HPs)
             Began as a Draconian Conjurer on July 7, 2020.
             Killed by nerve-wracking pain
             ... invoked by Grinder
              (13 damage)
             ... on level 3 of the Dungeon.
             The game lasted 00:06:48 (3601 turns).

funkygono the Conjurer (Draconian Conjurer)         Turns: 3601, Time: 00:06:48

Health: -9/39      AC:  6    Str: 11    XL:     5   Next: 29%
Magic:  1/9        EV:  9    Int: 16    God:
Gold:   103        SH:  7    Dex: 11    Spells: 6/9 levels left

rFire    . . .     SeeInvis .   l - +3 dagger
rCold    . . .     Gourm    .   k - +0 kite shield
rNeg     . . .     Faith    .   (armour unavailable)
rPois    .         Spirit   .   (helmet restricted)
rElec    .         Reflect  .   f - +0 cloak
rCorr    .         Harm     .   (no gloves)
MR       .....                  (no boots)
Stlth    ++........             (no amulet)
HPRegen  0.13/turn              (no ring)
MPRegen  0.11/turn              (no ring)

@: very slightly contaminated
A: unfitting armour, cold-blooded, AC +5
a: no special abilities


You were on level 3 of the Dungeon.
You were not hungry.

You visited 1 branch of the dungeon, and saw 3 of its levels.

You collected 103 gold pieces.

Inventory:

Hand Weapons
 e - a +1 dagger
 l - a +3 dagger (weapon)
Missiles
 i - 87 stones (quivered)
Armour
 f - a +0 cloak (worn)
 k - a +0 kite shield (worn)
Jewellery
 s - an uncursed ring of fire
Wands
 r - a wand of disintegration (7)
Scrolls
 h - a scroll of immolation
 j - 2 scrolls of magic mapping
 n - 2 scrolls of remove curse
Potions
 a - a potion of berserk rage
 c - 2 potions of stabbing
 g - 2 potions of curing
 m - a potion of mutation {unknown}
 o - 2 potions of invisibility {unknown}
 p - a potion of haste {unknown}
 q - a potion of heal wounds {unknown}
Comestibles
 b - 5 rations
 d - 8 chunks of flesh


   Skills:
 + Level 0.8 Fighting
 + Level 0.6 Short Blades
 + Level 2.1 Dodging
 + Level 2.1 Stealth
 * Level 1.8 Shields
 + Level 2.8 Spellcasting
 + Level 5.3 Conjurations


You had 6 spell levels left.
You knew the following spells:

 Your Spells              Type           Power        Failure   Level  Hunger
a - Magic Dart            Conj           ###.         12%         1    #......
b - Searing Ray           Conj           ###...       19%         2    ##.....

Your spell library contained the following spells:

 Spells                   Type           Power        Failure   Level  Hunger
 Dazzling Flash           Conj/Hex       ##....       71%         3    ###....
 Fulminant Prism          Conj/Hex       ##........   98%         4    #####..
 Iskenderun's Mystic Bla  Conj/Tloc      ##......     98%         4    #####..


Dungeon Overview and Level Annotations

Branches:
Dungeon (3/15)

Altars:
Ashenzari
Hepliaklqana
Yredelemnul

Annotations:
D:3 Grinder


Innate Abilities, Weirdness & Mutations

Your plain brown scales are hard. (AC +5)
You cannot fit into any form of body armour.
You are cold-blooded and may be slowed by cold attacks.


Message History

Unknown command.
Grinder gestures at you. You resist with significant effort.
You hit Grinder but do no damage.
Grinder is severely wounded.
Grinder gestures at you. Pain shoots through your body!
* * * LOW HITPOINT WARNING * * *
You hit Grinder but do no damage.
Your tail-slap misses Grinder.
Grinder is severely wounded.
Grinder hits you.
* * * LOW HITPOINT WARNING * * *
You writhe in agony.
* * * LOW HITPOINT WARNING * * *
Grinder says, "Wait up."
Grinder blinks!
Grinder blinks!
Grinder gestures at you. Pain shoots through your body!
You die...

########
###
#......#
#.[
#)#.§..##.#
#.....5...#
#.#....##.#
#..>...#
#..
####.###
### #@#
##.## #.#.#
###.#####
####
#.......#
#.....#
#÷#.###.#
....>#
#.#.###.#
.....###
#.#..##<#
......
#.##.##.#
....


You could see Grinder.

Vanquished Creatures
  An orc priest (D:3)
  An orc wizard (D:3)
  4 adders (D:2)
  An adder skeleton (D:3)
  4 worms
  A dart slug (D:1)
  2 leopard geckos (D:1)
  5 orcs (D:3)
  3 giant cockroaches
  3 goblins
  10 hobgoblins
  4 jackals
  3 quokkas
  4 bats
  3 frilled lizards
  7 kobolds
  5 rats
61 creatures vanquished.

Notes
Turn   | Place    | Note
-------+----------+-------------------------------------------
     0 | D:1      | funkygono the Draconian Conjurer began the quest for the
                  | Orb.
     0 | D:1      | Reached XP level 1. HP: 14/14 MP: 3/3
   244 | D:1      | Reached XP level 2. HP: 15/20 MP: 0/5
   248 | D:1      | Learned a level 2 spell: Searing Ray
  1532 | D:2      | Reached XP level 3. HP: 26/26 MP: 1/6
  2161 | D:2      | Reached skill level 5 in Conjurations
  2476 | D:2      | Reached skill level 1 in Shields
  2476 | D:2      | Reached XP level 4. HP: 32/34 MP: 0/7
  2587 | D:2      | Found a shattered altar of Ashenzari.
  2590 | D:2      | Found a hazy altar of Hepliaklqana.
  2593 | D:2      | Found a basalt altar of Yredelemnul.
  3280 | D:3      | Reached XP level 5. HP: 31/39 MP: 2/9
  3578 | D:3      | Noticed Grinder
  3601 | D:3      | Killed from afar by Grinder

Illustrated notes

Levels and vault maps discovered:
D:1:      matt_arrival_spirals, layout_basic
D:2:      layout_rooms, grunt_temple_overflow_diamond
D:3:      layout_loops_cross, first_ration, uniq_grinder

Skill      XL: |  1  2  3  4 |
---------------+-------------+-----
Conjurations   | 5 |  5.3
Dodging        | 2 |  2.1
Shields        | 1 |  1.8
Stealth        | 2 |  2.1
Fighting       | |  0.8
Short Blades   | |  0.6
Spellcasting   | |  2.8

Action                   |  1- 3 |  4- 6 || total
-------------------------+-------+-------++-------
Melee: Dagger            |    43 |    43 ||    86
       Tailslap          |     5 |     4 ||     9
 Cast: Magic Dart        |    78 |    66 ||   144
       Searing Ray       |     1 |     1 ||     2
  Use: Scroll            |     5 |     2 ||     7
  Eat: Chunk             |     6 |     4 ||    10
Armor: Skin              |     9 |     9 ||    18
Dodge: Dodged            |    26 |    15 ||    41
Block: Kite shield       |    12 |    14 ||    26
